 Dungeon Crawl Stone Soup version 0.14-a0-836-g5210f43 (console) character file.

169 Illaniel the Charmwright (level 4, 0/29 HPs)
             Began as a High Elf Skald on Nov 13, 2013.
             Slain by Terence
             ... wielding a +0,+0 flail
              (3 damage)
             ... on Level 2 of the Dungeon.
             The game lasted 00:08:22 (2520 turns).

Illaniel the Charmwright (High Elf Skald)           Turns: 2520, Time: 00:08:22

HP   0/29        AC  9     Str 11      XL: 4   Next: 35%
MP   2/11        EV 11     Int 16      God:
Gold 77          SH  0     Dex 15      Spells:  4 memorised,  0 levels left

Res.Fire  : + + .   See Invis. : .   a - +0 elf falchion
Res.Cold  : . . .   Warding    : .   o - +2 leather armour {rF+}
Life Prot.: . . .   Conserve   : .   (no shield)
Res.Poison: .       Res.Corr.  : .   x - +0 helmet
Res.Elec. : .       Clarity    : .   (no cloak)
Sust.Abil.: . .     Spirit.Shd : .   l - +2 pair of gauntlets
Res.Mut.  : .       Stasis     : .   (no boots)
Res.Rott. : .       Flight     : .   (no amulet)
Saprovore : . . .                    (no ring)
                                     j - ring of protection from fire {unknown}

@: slightly resistant to hostile enchantments, unstealthy
A: no striking features
a: no special abilities


You were on level 2 of the Dungeon.
You were hungry.

You visited 1 branch of the dungeon, and saw 3 of its levels.

You collected 77 gold pieces.

Inventory:

Hand weapons
 a - a +0,+0 elven falchion (weapon)
Missiles
 i - 12 poisoned needles
 r - 2 exploding darts (quivered)
Armour
 b - a +0 elven leather armour
 l - a +2 pair of gauntlets (worn)
 o - a +2 leather armour of fire resistance (worn)
 x - a +0 helmet (worn)
Comestibles
 d - 2 bread rations
 g - an apricot
 t - 2 meat rations
Scrolls
 f - 3 scrolls of remove curse {unknown}
 h - 3 scrolls of identify {unknown}
 n - a scroll of fear {unknown}
 s - 2 scrolls of noise {unknown}
 u - 2 scrolls of enchant weapon I {unknown}
 w - a scroll of curse weapon {unknown}
 y - a scroll of curse armour {unknown}
Jewellery
 e - an uncursed amulet of warding {unknown}
 j - a ring of protection from fire (left hand) {unknown}
Potions
 k - 3 potions of curing
 m - a potion of restore abilities {unknown}
 p - a potion of berserk rage {unknown}
 q - a potion of confusion {unknown}
 v - a potion of brilliance {unknown}
Books
 c - a book of Battle

   Spells                             Type                      Level
   *Infusion                          Charms                       1
   *Shroud of Golubria                Charms/Translocation         2
   *Song of Slaying                   Charms                       2
   *Spectral Weapon                   Hexes/Charms                 3
   Regeneration                       Charms/Necromancy            3


   Skills:
 + Level 2.4 Fighting
 * Level 3.2 Long Blades
 + Level 1.5 Armour
 + Level 1.9 Dodging
 + Level 2.9 Spellcasting
 * Level 4.5 Charms


You couldn't memorise any spells.
You knew the following spells:

 Your Spells              Type           Power        Failure   Level  Hunger
a - Infusion              Chrm           ###...       3%          1    #......
b - Song of Slaying       Chrm           ###.....     6%          2    ##.....
c - Spectral Weapon       Hex/Chrm       #.......     21%         3    ###....
h - Shroud of Golubria    Chrm/Tloc      #.........   12%         2    ##.....


Dungeon Overview and Level Annotations

Branches:
Dungeon (3/16)

Altars:
Trog

Annotations:
D:2 exclusion: fungus, Terence


Message History

Terence is almost dead.
Terence blocks your spectral weapon's attack.
Terence hits you with a flail! Terence blocks your attack.
Terence is almost dead.
Your spectral weapon hits Terence.
Terence bares his teeth.
Terence hits your spectral weapon with a flail.
Your spectral weapon shares its damage with you!
* * * LOW HITPOINT WARNING * * *
You hit Terence but do no damage.
Terence is almost dead.
Terence blocks your spectral weapon's attack.
Terence hits you with a flail.
* * * LOW HITPOINT WARNING * * *
You barely miss Terence.
Terence is almost dead.
Terence blocks your spectral weapon's attack.
Terence hits you with a flail.
You die... ▒∙∙∙∙∙∙▒▒∙∙∙∙∙∙▒▒(∙∙∙∙∙∙∙▒▒▒∙▒ ▒▒▒▒∙∙∙∙∙∙▒▒∙∙∙∙∙∙▒▒∙∙∙g∙∙∙∙∙∙∙∙∙ ∙∙∙∙∙∙∙∙∙∙∙∙∙∙∙∙∙∙∙∙(∙∙∙∙∙∙∙∙∙∙∙∙ ∙∙∙∙∙∙∙∙∙∙∙∙∙∙∙∙∙(∙(∙∙∙∙∙∙∙∙∙∙∙∙∙

▒▒▒▒∙∙∙∙∙∙∙∙∙∙▒∙▒▒(▒▒∙∙∙∙∙∙∙▒∙▒▒▒
∙▒ ▒∙∙∙∙∙∙∙∙∙∙∙∙▒∙▒∙▒∙∙∙∙∙∙∙▒∙▒▒▒
∙▒▒▒∙∙∙∙∙∙∙∙∙∙∙∙▒∙∙∙▒∙∙∙∙∙∙∙∙∙∙∙∙
∙∙∙∙∙∙∙∙∙∙∙∙∙∙∙∙▒∙∙∙▒∙∙∙∙∙∙∙∙∙▒▒▒
∙▒▒▒∙▒▒▒▒∙∙∙∙∙∙∙▒▒g▒▒∙∙∙∙)∙∙▒▒▒▒▒
∙▒▒∙∙∙∙▒▒∙∙∙∙∙∙∙(@▒∙∙∙∙∙∙∙∙∙∙∙∙∙∙
∙▒▒∙∙∙∙▒▒∙∙∙∙∙∙∙@∙∙∙∙∙∙∙∙∙∙∙▒▒▒▒▒
∙▒▒∙∙∙∙∙)∙∙∙∙∙∙∙∙∙)∙∙∙∙∙∙▒∙▒▒▒ ▒
∙▒▒∙∙∙∙▒▒▒▒∙▒∙∙∙∙∙∙∙∙∙∙∙∙∙∙∙∙▒ ▒
∙▒▒∙∙∙∙▒▒▒▒∙∙∙∙∙∙∙∙∙∙∙∙∙∙∙∙∙∙▒▒▒▒


∙∙∙∙∙>∙∙∙∙∙∙∙∙∙∙∙∙∙∙∙∙∙∙∙∙∙∙∙∙∙∙∙ ▒▒▒▒▒▒▒▒▒▒▒∙∙∙∙∙∙∙∙∙∙∙∙∙∙∙∙∙∙▒▒▒▒
▒∙∙∙∙∙∙∙∙∙∙∙∙∙∙∙∙∙∙▒ ▒▒▒▒▒▒▒▒▒▒▒▒▒∙∙∙∙∙∙∙∙∙∙∙∙▒▒▒▒▒ ∙∙∙∙>∙∙∙∙∙∙∙∙∙∙∙∙∙∙∙∙∙∙∙∙▒
▒▒▒▒▒▒▒▒▒▒▒▒▒▒▒▒▒▒▒▒▒▒▒▒▒▒ You could see Terence, a goblin and a friendly
spectral elven falchion.

Vanquished Creatures
  4 adders
  A giant mite (D:3)
  2 giant geckos (D:2)
  An ooze (D:2)
  5 giant cockroaches
  3 hobgoblins
  2 quokkas
  9 bats
  5 giant newts
  6 goblins
  7 kobolds
  6 rats
51 creatures vanquished.

Notes
Turn   | Place    | Note
--------------------------------------------------------------
     0 | D:1      | Illaniel, the High Elf Skald, began the quest for the Orb.
     0 | D:1      | Reached XP level 1. HP: 13/13 MP: 4/4
    43 | D:1      | Reached skill level 1 in Armour
    58 | D:1      | Reached XP level 2. HP: 12/18 MP: 1/6
    69 | D:1      | Learned a level 2 spell: Song of Slaying
    72 | D:1      | Learned a level 2 spell: Shroud of Golubria
   230 | D:1      | Reached XP level 3. HP: 19/23 MP: 8/8
   867 | D:2      | Reached skill level 4 in Charms
  1143 | D:2      | Noticed Terence
  1512 | D:3      | Paralysed by a potion of paralysis for 6 turns
  1633 | D:3      | Reached XP level 4. HP: 22/29 MP: 11/11
  1647 | D:3      | Learned a level 3 spell: Spectral Weapon
  2157 | D:3      | Found a bloodstained altar of Trog.
  2520 | D:2      | Slain by Terence

Action                   |  1- 3 |  4- 6 || total
-------------------------+-------+-------++-------
Melee: Falchion          |    99 |    51 ||   150
 Cast: Infusion          |    14 |     5 ||    19
       Shroud of Golubri |     5 |     3 ||     8
       Song of Slaying   |     1 |     1 ||     2
       Spectral Weapon   |       |     2 ||     2
  Use: Potion            |       |     1 ||     1
 Stab: Sleeping          |     1 |       ||     1
